 Dungeon Crawl Stone Soup version 0.27.1-3-gb3d3a73c9e (webtiles) character file.

Game seed: 4658319835141713744

92 Crownlay the Chopper (level 4, -12/39 HPs)
             Began as a Hill Orc Fighter on Oct 21, 2021.
             Was an Initiate of Okawaru.
             Mangled by an ice beast (14 damage)
             ... on level 4 of the Dungeon.
             The game lasted 00:03:40 (3045 turns).

Crownlay the Chopper (Hill Orc Fighter)             Turns: 3045, Time: 00:03:40

Health: -12/39     AC:  6    Str: 19    XL:     4   Next: 60%
Magic:  4/4        EV: 10    Int:  8    God:    Okawaru [......]
Gold:   125        SH:  4    Dex: 10    Spells: 3/3 levels left

rFire    . . .     SeeInvis .   a - +0 war axe
rCold    . . .     Faith    .   i - +0 buckler
rNeg     . . .     Spirit   .   e - +0 acid dragon scales
rPois    +         Reflect  .   (no helmet)
rElec    .         Harm     .   (no cloak)
rCorr    +         Rampage  .   (no gloves)
Will     .....                  (no boots)
Stlth    +.........             (no amulet)
HPRegen  0.13/turn              o - ring of poison resistance
MPRegen  0.09/turn              (no ring)

@: no status effects
A: no striking features
a: Renounce Religion


You were on level 4 of the Dungeon.
You worshipped Okawaru.
Okawaru was noncommittal.
You visited 1 branch of the dungeon, and saw 4 of its levels.

You collected 125 gold pieces.

Inventory:

Hand Weapons
 a - a +0 war axe (weapon)
Missiles
 p - a javelin (quivered)
Armour
 c - a +0 kite shield
 e - +0 acid dragon scales (worn)
 i - a +0 buckler (worn)
Jewellery
 o - a ring of poison resistance (left hand)
Scrolls
 b - a scroll of noise {unknown}
 g - 2 scrolls of identify {unknown}
 j - 2 scrolls of enchant weapon {unknown}
 k - a scroll of vulnerability {unknown}
 m - a scroll of amnesia {unknown}
 n - a scroll of teleportation {unknown}
 q - a scroll of fear {unknown}
Potions
 d - a potion of might
 f - a potion of brilliance {unknown}
 h - a potion of curing {unknown}
 l - a potion of heal wounds {unknown}
 r - a potion of haste {unknown}


   Skills:
 - Level 3.6 Fighting
 * Level 5.4 Axes
 - Level 3.2 Armour
 - Level 4.0 Shields
 + Level 0.8 Invocations


You had 3 spell levels left.
You didn't know any spells.
Your spell library contained the following spells:

 Spells                   Type           Power      Damage    Failure   Level
 Magic Dart               Conj           0%         1d3       50%         1
 Call Imp                 Summ           0%         N/A       63%         2
 Static Discharge         Conj/Air       0%         N/A       63%         2
 Mephitic Cloud           Conj/Pois/Air  0%         N/A       86%         3
 Summon Guardian Golem    Hex/Summ       0%         N/A       86%         3
 Dispel Undead            Necr           0%         3d6       99%         4
 Sticky Flame             Conj/Fire      0%         2d3       99%         4
 Orb of Destruction       Conj           0%         N/A       100%        7
 Spellforged Servitor     Conj/Summ      0%         N/A       100%        7


Dungeon Overview and Level Annotations

Branches:
Dungeon (4/15)
 Temple: D:4-7

Altars:
Ashenzari
Elyvilon
Okawaru
Ru
Vehumet

Shops:
D:2 :


Message History

You add the spells Magic Dart, Call Imp and Mephitic Cloud to your library.
An ice beast comes into view.
You throw a javelin.
The javelin pierces through the ice beast.
The ice beast is moderately wounded.
You throw a javelin.
The javelin closely misses the ice beast.
You throw a javelin.
The javelin barely misses the ice beast.
You throw a javelin.
The javelin barely misses the ice beast.
The ice beast barely misses you.
You hit the ice beast.
The ice beast is moderately wounded.
You block the ice beast's attack. The ice beast barely misses you.
You hit the ice beast.
The ice beast is severely wounded.
You block the ice beast's attack.
You closely miss the ice beast.
The ice beast is severely wounded.
The ice beast hits you but does no damage.
You hit the ice beast.
The ice beast is severely wounded.
The ice beast hits you. The ice beast freezes you!
You hit the ice beast but do no damage.
The ice beast is severely wounded.
The ice beast hits you. The ice beast freezes you!
You block the ice beast's attack.
You are too injured to fight recklessly!
You are too injured to fight recklessly!
You hit the ice beast.
The ice beast is almost dead.
The ice beast hits you. The ice beast freezes you.
* * * LOW HITPOINT WARNING * * *
You hit the ice beast but do no damage.
The ice beast is almost dead.
The ice beast hits you.
* * * LOW HITPOINT WARNING * * *
The ice beast freezes you!
You die...

.### .... ###..# ....#
#### . #..###...# ..
######........#
##?##............[#
#....@..........# ####
##..Y.........#####..#
#......##(......##...
#........#......<..##.#
........................
.......###..............
.(.##.##....##..........
(.. #.......#...........
.. ##.......#........#..


You could see an ice beast.

Vanquished Creatures
  3 adders
  3 dart slugs
  4 orcs (D:3)
  An endoplasm (D:2)
  3 giant cockroaches
  6 goblins
  8 hobgoblins
  3 jackals (D:1)
  5 kobolds
  5 ball pythons
  3 bats
  7 frilled lizards
  2 rats
53 creatures vanquished.

Notes
Turn   | Place    | Note
-------+----------+-------------------------------------------
     0 | D:1      | Crownlay the Hill Orc Fighter began the quest for the Orb.
     0 | D:1      | Reached XP level 1. HP: 19/19 MP: 1/1
    87 | D:1      | Found a faded altar of an unknown god.
    96 | D:1      | Reached skill level 3 in Axes
   256 | D:1      | Reached XP level 2. HP: 26/26 MP: 2/2
   425 | D:1      | Reached skill level 4 in Axes
  1263 | D:2      | Found a broken altar of Ashenzari.
  1273 | D:2      | Reached XP level 3. HP: 31/31 MP: 3/3
  1674 | D:2      | Found Wokavek's Book Boutique.
  1938 | D:2      | Reached XP level 4. HP: 39/39 MP: 4/4
  2118 | D:3      | Found a white marble altar of Elyvilon.
  2225 | D:3      | Found an iron altar of Okawaru.
  2234 | D:3      | Reached skill level 5 in Axes
  2240 | D:3      | Became a worshipper of Warmaster Okawaru
  2585 | D:3      | Found a sacrificial altar of Ru.
  2876 | D:4      | Found a radiant altar of Vehumet.
  3034 | D:4      | Noticed an ice beast
  3045 | D:4      | Mangled by an ice beast

Illustrated notes

Levels and vault maps discovered:
D:1:      amcnicky_arrival_choice, layout_basic, basic_ecumenical_altar,
          minmay_crystal_water, minmay_misc_feat_pillars
D:2:      layout_rooms, serial_shops, nicolae_diamond_shop, basic_altar,
          hangedman_decor_peaks_small, minmay_heptomino_h4
D:3:      layout_loops_cross, nicolae_ru_awakened_eye,
          okawaru_metal_pillars_1_2, mainiacjoe_overflow_boulevard
D:4:      layout_cave_pools, fiery_altar_vehumet

Skill      XL: |  1  2  3  4 |
---------------+-------------+-----
Axes           | 3 4 5 |  5.4
Shields        | 4 |  4.0
Fighting       | |  3.6
Armour         | |  3.2
Invocations    | |  0.8

Action                   |  1- 3 |  4- 6 || total
-------------------------+-------+-------++-------
Melee: War axe           |    93 |    50 ||   143
Throw: Javelin           |       |     4 ||     4
Armor: Acid dragon scale |    46 |     9 ||    55
Dodge: Dodged            |    52 |    20 ||    72
Block: Buckler           |    10 |    11 ||    21
